 Dungeon Crawl Stone Soup version 0.23-a0-494-g91793a9 (webtiles) character file.

96 Think the Sneak (level 4, -15/31 HPs)
             Began as an Octopode Fighter on Dec 2, 2018.
             Shot with an arrow by a centaur (17 damage)
             ... on level 3 of the Dungeon.
             The game lasted 00:03:03 (1310 turns).

Think the Sneak (Octopode Fighter)                  Turns: 1310, Time: 00:03:04

Health: -15/31     AC:  1    Str: 15    XL:     4   Next: 67%
Magic:  4/4        EV: 11    Int: 10    God:
Gold:   78         SH:  8    Dex: 12    Spells: 3/3 levels left

rFire    . . .     SeeInvis .   a - +0 rapier
rCold    . . .     Gourm    .   b - +0 shield
rNeg     . . .     Faith    .   (helmet restricted)
rPois    .         Spirit   .   (no amulet)
rElec    .         Reflect  .   (no ring)
rCorr    .         Harm     .   (no ring)
MR       .....                  (no ring)
Stlth    ++++......             (no ring)
HPRegen  0.10/turn              (no ring)
MPRegen  0.09/turn              (no ring)
                                (no ring)
                                (no ring)

@: no status effects
A: almost no armour, stealthy swim, amphibious, 8 rings, constrict 8, camouflage
1, gelatinous body 1
a: no special abilities


You were on level 3 of the Dungeon.
You were not hungry.

You visited 1 branch of the dungeon, and saw 3 of its levels.

You collected 78 gold pieces.

Inventory:

Hand Weapons
 a - a +0 rapier (weapon)
Missiles
 f - 2 curare-tipped needles
Armour
 b - a +0 shield (worn)
Jewellery
 n - a cursed -5 ring of strength {unknown}
Wands
 j - a wand of polymorph (11)
 q - a wand of iceblast (8)
Scrolls
 g - a scroll of fear {unknown}
 k - 2 scrolls of remove curse {unknown}
 o - a scroll of teleportation {unknown}
 p - a scroll of identify {unknown}
Potions
 c - a potion of might
 e - 3 potions of magic {unknown}
 h - a potion of brilliance {unknown}
 i - 2 potions of agility {unknown}
 l - a potion of resistance {unknown}
 m - a potion of berserk rage {unknown}
Comestibles
 d - 8 rations


   Skills:
 - Level 3.0 Fighting
 - Level 2.0 Short Blades
 - Level 3.0 Dodging
 + Level 6.0 Stealth
 - Level 3.0 Shields


You had 3 spell levels left.
You didn't know any spells.
Your spell library was empty.

Dungeon Overview and Level Annotations

Branches:
Dungeon (3/15)

Altars:
Ashenzari
Qazlal
Ru
Vehumet
Wu Jian
The Shining One


Innate Abilities, Weirdness & Mutations

You cannot wear most types of armour.
You are very stealthy in the water. (Stealth+)
You are amphibious.
You can wear up to eight rings at the same time.
You can use your tentacles to constrict eight enemies at once.
Your skin changes colour to match your surroundings (Stealth+).
Your rubbery body absorbs attacks. (AC +1, EV +1)


Message History

You feel a little less mighty now.
You start resting.
A bat comes into view.
The bat moves out of view.
You start resting.
A centaur comes into view.
A centaur is nearby!
A centaur is nearby!
Evoke which item? (* to show all) (? for menu, Esc to quit)
Aiming: Iceblast
Press: ? - help, Shift-Dir - straight line The mass of ice explodes!
The centaur shouts!
You hear a shout! x7
The centaur wields a +4 shortbow.
The centaur shoots an arrow.
The arrow hits you!
* * * LOW HITPOINT WARNING * * *
A goblin comes into view.
The centaur shoots an arrow.
The arrow hits you!
Ouch! That really hurt!
You die...

..<. #.....g## #
....#.c.## .#
#..#..$.####.####
#.#.........(...
#...............
#....#..<.......
#....#!.........
#...@....)......
##..(...........
#.....##.........
#.#..............
.......##.........
...................
........#.........
........# .....!.
.......>.


You could see a centaur and a goblin (wandering).

Vanquished Creatures
  Ijyb (D:3)
  3 adders
  A worm (D:2)
  A dart slug (D:1)
  2 leopard geckos
  A giant cockroach (D:1)
  A goblin (D:2)
  7 hobgoblins
  A jackal (D:2)
  7 kobolds
  2 ball pythons
  5 bats
  5 frilled lizards
  2 rats
39 creatures vanquished.

Notes
Turn   | Place    | Note
-------+----------+-------------------------------------------
     0 | D:1      | Think the Octopode Fighter began the quest for the Orb.
     0 | D:1      | Reached XP level 1. HP: 16/16 MP: 1/1
    36 | D:1      | Reached skill level 1 in Stealth
   256 | D:1      | Reached skill level 2 in Stealth
   287 | D:1      | Reached XP level 2. HP: 20/21 MP: 2/2
   395 | D:1      | Reached skill level 3 in Stealth
   775 | D:2      | Reached XP level 3. HP: 26/26 MP: 3/3
   855 | D:2      | Reached skill level 4 in Stealth
   866 | D:2      | Found a radiant altar of Vehumet.
   867 | D:2      | Found a shattered altar of Ashenzari.
   867 | D:2      | Found a stormy altar of Qazlal.
   874 | D:2      | Found a glowing golden altar of the Shining One.
   874 | D:2      | Found a sacrificial altar of Ru.
   875 | D:2      | Found an ornate altar of the Wu Jian Council.
  1107 | D:2      | Reached skill level 5 in Stealth
  1134 | D:2      | Reached XP level 4. HP: 31/31 MP: 4/4
  1193 | D:3      | Noticed Ijyb
  1205 | D:3      | Killed Ijyb
  1205 | D:3      | Reached skill level 6 in Stealth
  1308 | D:3      | Noticed a centaur
  1310 | D:3      | Shot with an arrow by a centaur

Vault maps used:
D:1:      evilmike_arrival_plus
D:2:      grunt_temple_overflow_open, kennysheep_generic_room_5
D:3:      gammafunk_temple_overflow_elements,
          nicolae_dithmenos_through_a_glass_darkly, bloody_makhleb,
          uniq_sigmund, uniq_robin, uniq_ijyb

Skill      XL: |  1  2  3  4 |
---------------+-------------+-----
Stealth        | 2 3 5 6 |  6.0
Fighting       | |  3.0
Short Blades   | |  2.0
Dodging        | |  3.0
Shields        | |  3.0

Action                   |  1- 3 |  4- 6 || total
-------------------------+-------+-------++-------
Melee: Rapier            |    57 |    17 ||    74
       Constrict         |    17 |     5 ||    22
       Tentacles         |    10 |     4 ||    14
Evoke: Wand              |       |     1 ||     1
  Use: Potion            |       |     1 ||     1
 Stab: Sleeping          |    10 |       ||    10
       Distracted        |       |     1 ||     1
  Eat: Chunk             |       |     1 ||     1
Armor: Skin              |     4 |     3 ||     7
Dodge: Dodged            |    16 |    12 ||    28
Block: Shield            |    18 |    12 ||    30

Table legend:
 A = Non-vault XP
 B = Vault XP
 C = Vault XP percentage of total XP
 D = Non-vault monster count
 E = Vault monster count
 F = Vault count percentage of total count
                 A         B        C        D         E       F
            +---------+---------+-------+---------+---------+-------
      Total |      98 |      40 |  29.0 |      36 |       3 |   7.7
            +---------+---------+-------+---------+---------+-------
        D:1 |      31 |       0 |   0.0 |      16 |       0 |   0.0
        D:2 |      52 |       4 |   7.1 |      18 |       2 |  10.0
        D:3 |      15 |      36 |  70.6 |       2 |       1 |  33.3
            +---------+---------+-------+---------+---------+-------
